General information
- name: BNet
- type: Ladder team game (AT/RT)
- host: Battle.net
- saver: brucewillisusa
map: GolemsInTheMist
- players: 8
- length: 25:41
- speed: Fast
- version: 1.24 W3XP
- replay type: Public
» download(181 KB)
Players
team 1 (winner)

»
brucewillisusa (
orange | 54 APM | 1392 actions | 25:41)
6 Blood Mage
3 Flame Strike
2 Siphon Mana
1 Summon Phoenix
» actions
| Assign group hotkey | 40 | |
| Basic commands | 24 | |
| Build / train | 82 | |
| ESC pressed | 2 | |
| Enter build submenu | 27 | |
| Enter hero's abilities submenu | 6 | |
| Give item / drop item | 1 | |
| Right click | 522 | |
| Select / deselect | 212 | |
| Select group hotkey | 384 | |
| Use ability | 92 | |
1392 total
» units
| Peasant | 21 | |
| Goblin Shredder | 1 | |
| Siege Engine | 29 | |
| Goblin Zeppelin | 2 | |
53 total
» upgrades
| Plating | 3 | |
| Masonry | 1 | |
| Gunpowder | 2 | |
6 total
» buildings
| Altar of Kings | 1 | |
| Farm | 10 | |
| Scout Tower | 8 | |
| Arcane Tower | 1 | |
| Town Hall | 2 | |
| Keep | 1 | |
| Lumber Mill | 1 | |
| Guard Tower | 2 | |
| Castle | 2 | |
| Blacksmith | 1 | |
| Workshop | 4 | |
33 total
» build order
00:13 Altar of Kings
00:20 Farm
00:48 Scout Tower
00:57 Farm
01:26 Arcane Tower
01:38 Farm
03:26 Town Hall
04:05 Keep
04:34 Farm
04:39 Scout Tower
04:40 Scout Tower
04:40 Scout Tower
04:41 Scout Tower
05:26 Lumber Mill
05:35 Farm
06:16 Guard Tower
06:19 Farm
06:28 Castle
06:28 Castle
06:29 Blacksmith
06:49 Scout Tower
06:50 Scout Tower
06:50 Scout Tower
07:46 Guard Tower
07:58 Workshop
08:01 Workshop
08:03 Workshop
08:06 Workshop
08:10 Farm
08:10 Farm
08:11 Farm
08:11 Farm
20:22 Town Hall
» items
| Scroll of Regeneration | 4 | |
| Lesser Clarity Potion | 3 | |
| Mechanical Critter | 2 | |
| Scroll of Town Portal | 1 | |
10 total

»
4TWDeMOn (
pink | 33 APM | 858 actions | 25:40)
4 Death Knight
2 Death Coil
2 Unholy Aura
2 Dreadlord
1 Vampiric Aura
1 Carrion Swarm
» actions
| Build / train | 57 | |
| Enter build submenu | 35 | |
| Enter hero's abilities submenu | 6 | |
| Remove unit from queue | 1 | |
| Right click | 503 | |
| Select / deselect | 200 | |
| Use ability | 56 | |
858 total
» units
| Acolyte | 10 | |
| Ghoul | 3 | |
| Crypt Fiend | 13 | |
| Goblin Shredder | 1 | |
| Gargoyle | 3 | |
30 total
» upgrades
| Creature Attack | 2 | |
| Creature Carapace | 3 | |
| Web | 1 | |
| Burrow | 1 | |
7 total
» buildings
| Graveyard | 1 | |
| Crypt | 2 | |
| Altar of Darkness | 1 | |
| Ziggurat | 13 | |
| Tomb of Relics | 1 | |
| Nerubian Tower | 1 | |
| Necropolis | 4 | |
| Halls of the Dead | 2 | |
| Black Citadel | 2 | |
| Sacrificial Pit | 1 | |
| Slaughterhouse | 2 | |
| Spirit Tower | 2 | |
| Boneyard | 2 | |
34 total
» build order
00:16 Graveyard
00:21 Crypt
00:53 Altar of Darkness
01:10 Ziggurat
01:36 Tomb of Relics
01:53 Ziggurat
02:45 Nerubian Tower
03:14 Ziggurat
05:39 Ziggurat
06:38 Necropolis
07:09 Halls of the Dead
09:39 Black Citadel
09:42 Sacrificial Pit
10:32 Ziggurat
10:39 Ziggurat
12:06 Necropolis
12:37 Crypt
12:42 Ziggurat
15:15 Halls of the Dead
17:22 Necropolis
21:51 Black Citadel
22:12 Ziggurat
22:18 Ziggurat
22:22 Ziggurat
22:25 Ziggurat
22:27 Ziggurat
22:29 Ziggurat
22:34 Slaughterhouse
22:39 Slaughterhouse
24:13 Spirit Tower
24:20 Spirit Tower
24:52 Boneyard
24:58 Boneyard
25:29 Necropolis
» items
| Rod of Necromancy | 1 | |
| Sacrificial Skull | 1 | |
| Dust of Appearance | 1 | |
3 total
SpatulaHands (
red | 52 APM | 1327 actions | 25:40)
7 Blademaster
3 Wind Walk
3 Critical Strike
1 Bladestorm
» actions
| Assign group hotkey | 143 | |
| Basic commands | 32 | |
| Build / train | 48 | |
| ESC pressed | 1 | |
| Enter build submenu | 24 | |
| Enter hero's abilities submenu | 7 | |
| Give item / drop item | 1 | |
| Right click | 625 | |
| Select / deselect | 253 | |
| Select group hotkey | 133 | |
| Use ability | 60 | |
1327 total
» units
| Peon | 13 | |
| Kodo Beast | 8 | |
| Wind Rider | 8 | |
29 total
» upgrades
| Spiked Barricades | 2 | |
| War Drums Damage Increase | 1 | |
| Reinforced Defenses | 1 | |
| Envenomed Spears | 1 | |
| Ranged Weapons | 1 | |
| Armor | 1 | |
7 total
» buildings
| War Mill | 1 | |
| Orc Burrow | 6 | |
| Watch Tower | 8 | |
| Altar of Storms | 1 | |
| Stronghold | 1 | |
| Beastiary | 2 | |
| Fortress | 1 | |
| Great Hall | 4 | |
24 total
» build order
00:31 War Mill
00:52 Orc Burrow
01:45 Watch Tower
02:11 Altar of Storms
02:40 Watch Tower
02:52 Watch Tower
02:59 Watch Tower
03:28 Orc Burrow
03:32 Stronghold
04:33 Orc Burrow
05:32 Orc Burrow
05:55 Beastiary
05:58 Beastiary
06:34 Orc Burrow
06:49 Fortress
07:42 Orc Burrow
08:41 Watch Tower
10:14 Watch Tower
12:34 Watch Tower
13:44 Watch Tower
24:18 Great Hall
24:24 Great Hall
24:29 Great Hall
24:34 Great Hall
» items
| Scroll of Town Portal | 1 | |
| Orb of Fire | 1 | |
2 total
J-Hole (
green | 48 APM | 1225 actions | 25:40)
7 Mountain King
3 Storm Bolt
3 Bash
1 Avatar
» actions
| Assign group hotkey | 4 | |
| Basic commands | 55 | |
| Build / train | 64 | |
| Enter build submenu | 20 | |
| Enter hero's abilities submenu | 7 | |
| Remove unit from queue | 1 | |
| Right click | 725 | |
| Select / deselect | 282 | |
| Select group hotkey | 19 | |
| Use ability | 48 | |
1225 total
» units
| Peasant | 11 | |
| Footman | 10 | |
| Knight | 8 | |
| Priest | 8 | |
| Spell Breaker | 4 | |
41 total
» upgrades
| Defend | 1 | |
| Swords | 2 | |
| Animal War Training | 1 | |
| Plating | 1 | |
| Magic Sentry | 1 | |
6 total
» buildings
| Altar of Kings | 1 | |
| Farm | 12 | |
| Barracks | 2 | |
| Scout Tower | 5 | |
| Lumber Mill | 1 | |
| Arcane Tower | 2 | |
| Arcane Vault | 1 | |
| Keep | 1 | |
| Guard Tower | 3 | |
| Blacksmith | 1 | |
| Castle | 1 | |
| Arcane Sanctum | 1 | |
31 total
» build order
00:04 Altar of Kings
00:24 Farm
00:40 Barracks
01:02 Farm
01:43 Farm
01:56 Scout Tower
01:58 Scout Tower
02:36 Lumber Mill
02:44 Farm
03:07 Arcane Tower
03:26 Arcane Vault
04:05 Keep
04:57 Farm
05:29 Guard Tower
05:38 Scout Tower
05:40 Scout Tower
05:42 Scout Tower
05:55 Blacksmith
06:27 Guard Tower
06:30 Castle
06:35 Farm
06:37 Farm
06:45 Arcane Tower
07:22 Guard Tower
07:25 Barracks
11:14 Arcane Sanctum
11:35 Farm
11:36 Farm
11:36 Farm
17:21 Farm
17:25 Farm
» items
team 2 (loser)
zidane3000 (
yellow | 65 APM | 1386 actions | 21:27)
4 Archmage
2 Summon Water Elemental
2 Brilliance Aura
» actions
| Basic commands | 1 | |
| Build / train | 46 | |
| Enter build submenu | 20 | |
| Enter hero's abilities submenu | 4 | |
| Remove unit from queue | 1 | |
| Right click | 788 | |
| Select / deselect | 477 | |
| Use ability | 49 | |
1386 total
» units
| Peasant | 9 | |
| Rifleman | 4 | |
| Mortar Team | 9 | |
| Sorceress | 4 | |
26 total
» upgrades
| Gunpowder | 3 | |
| Armor | 3 | |
| Flare | 1 | |
| Sorceress Training | 2 | |
| Fragmentation Shards | 1 | |
10 total
» buildings
| Barracks | 2 | |
| Altar of Kings | 1 | |
| Farm | 11 | |
| Lumber Mill | 1 | |
| Blacksmith | 1 | |
| Arcane Vault | 1 | |
| Keep | 1 | |
| Castle | 1 | |
| Workshop | 2 | |
| Arcane Sanctum | 1 | |
22 total
» build order
00:41 Barracks
00:48 Altar of Kings
01:07 Farm
01:19 Farm
01:32 Lumber Mill
02:10 Farm
02:36 Blacksmith
02:55 Arcane Vault
02:57 Farm
03:52 Keep
06:26 Castle
06:30 Workshop
06:34 Workshop
07:14 Arcane Sanctum
09:48 Farm
09:51 Farm
09:55 Farm
10:49 Farm
17:20 Farm
17:22 Farm
18:22 Farm
20:22 Barracks
» items
pikartu2 (
teal | 66 APM | 1139 actions | 17:19)
4 Blood Mage
2 Flame Strike
2 Siphon Mana
2 Paladin
1 Holy Light
1 Devotion Aura
» actions
| Assign group hotkey | 23 | |
| Basic commands | 32 | |
| Build / train | 60 | |
| Enter build submenu | 20 | |
| Enter hero's abilities submenu | 6 | |
| Right click | 357 | |
| Select / deselect | 215 | |
| Select group hotkey | 383 | |
| Use ability | 43 | |
1139 total
» units
| Peasant | 18 | |
| Footman | 4 | |
| Goblin Shredder | 1 | |
| Rifleman | 3 | |
| Mortar Team | 6 | |
| Knight | 4 | |
36 total
» upgrades
| Defend | 1 | |
| Long Rifles | 1 | |
| Lumber Harvesting | 1 | |
| Gunpowder | 1 | |
| Plating | 2 | |
| Animal War Training | 1 | |
| Swords | 1 | |
| Fragmentation Shards | 1 | |
9 total
» buildings
| Altar of Kings | 1 | |
| Farm | 10 | |
| Barracks | 3 | |
| Keep | 1 | |
| Town Hall | 1 | |
| Lumber Mill | 1 | |
| Blacksmith | 1 | |
| Castle | 1 | |
| Workshop | 1 | |
| Scout Tower | 1 | |
21 total
» build order
00:16 Altar of Kings
00:39 Farm
00:51 Barracks
01:21 Farm
02:03 Barracks
02:28 Farm
02:58 Farm
03:35 Keep
04:48 Town Hall
05:16 Lumber Mill
05:19 Blacksmith
06:53 Farm
07:16 Castle
08:21 Workshop
08:25 Barracks
08:29 Farm
10:02 Farm
10:05 Farm
10:48 Farm
10:51 Farm
17:04 Scout Tower
1mpact (
blue | 45 APM | 1143 actions | 25:40)
4 Far Seer
2 Feral Spirit
2 Chain Lighting
2 Tauren Chieftain
1 Endurance Aura
1 Shockwave
» actions
| Assign group hotkey | 5 | |
| Basic commands | 36 | |
| Build / train | 55 | |
| Enter build submenu | 27 | |
| Enter hero's abilities submenu | 6 | |
| Give item / drop item | 1 | |
| Remove unit from queue | 6 | |
| Right click | 574 | |
| Select / deselect | 324 | |
| Select group hotkey | 35 | |
| Use ability | 74 | |
1143 total
» units
| Peon | 16 | |
| Grunt | 4 | |
| Goblin Shredder | 1 | |
| Goblin Zeppelin | 1 | |
| Wind Rider | 7 | |
| Shaman | 5 | |
34 total
» upgrades
| Shaman Training | 2 | |
| Witch Doctor Training | 1 | |
| Envenomed Spears | 1 | |
4 total
» buildings
| Altar of Storms | 2 | |
| Orc Burrow | 10 | |
| Barracks | 1 | |
| War Mill | 2 | |
| Voodoo Lounge | 1 | |
| Stronghold | 2 | |
| Fortress | 1 | |
| Beastiary | 2 | |
| Spirit Lodge | 1 | |
| Great Hall | 4 | |
| Watch Tower | 2 | |
28 total
» build order
00:12 Altar of Storms
00:17 Orc Burrow
00:31 Barracks
01:47 Orc Burrow
02:04 War Mill
02:10 War Mill
02:38 Voodoo Lounge
03:55 Stronghold
04:05 Orc Burrow
06:28 Fortress
07:04 Beastiary
07:07 Spirit Lodge
07:12 Beastiary
08:50 Great Hall
09:46 Watch Tower
09:53 Watch Tower
12:45 Orc Burrow
12:50 Orc Burrow
13:15 Orc Burrow
14:28 Great Hall
14:35 Orc Burrow
14:40 Orc Burrow
15:55 Orc Burrow
16:59 Orc Burrow
18:56 Stronghold
19:09 Great Hall
19:17 Altar of Storms
23:30 Great Hall
» items
| Healing Salve | 1 | |
| Lesser Clarity Potion | 2 | |
3 total
tenergy (
purple | 74 APM | 1760 actions | 23:42)
4 Death Knight
2 Death Coil
2 Unholy Aura
3 Lich
2 Frost Nova
1 Dark Ritual
3 Crypt Lord
2 Impale
1 Spiked Carapace
» actions
| Assign group hotkey | 38 | |
| Basic commands | 6 | |
| Build / train | 51 | |
| ESC pressed | 1 | |
| Enter build submenu | 22 | |
| Enter hero's abilities submenu | 10 | |
| Give item / drop item | 2 | |
| Right click | 812 | |
| Select / deselect | 269 | |
| Select group hotkey | 479 | |
| Use ability | 70 | |
1760 total
» units
| Acolyte | 10 | |
| Ghoul | 2 | |
| Crypt Fiend | 9 | |
| Meatwagon | 2 | |
23 total
» upgrades
» buildings
| Graveyard | 1 | |
| Crypt | 1 | |
| Ziggurat | 7 | |
| Altar of Darkness | 1 | |
| Tomb of Relics | 3 | |
| Halls of the Dead | 1 | |
| Black Citadel | 1 | |
| Sacrificial Pit | 3 | |
| Boneyard | 1 | |
| Spirit Tower | 2 | |
| Slaughterhouse | 1 | |
22 total
» build order
00:13 Graveyard
00:17 Crypt
00:40 Ziggurat
01:00 Altar of Darkness
01:48 Tomb of Relics
02:05 Ziggurat
03:51 Halls of the Dead
04:45 Ziggurat
06:55 Black Citadel
07:18 Ziggurat
08:24 Sacrificial Pit
10:15 Boneyard
10:49 Ziggurat
11:23 Sacrificial Pit
11:33 Tomb of Relics
11:35 Spirit Tower
11:49 Spirit Tower
16:14 Ziggurat
16:40 Sacrificial Pit
20:06 Tomb of Relics
20:26 Slaughterhouse
21:27 Ziggurat
» items
| Rod of Necromancy | 3 | |
| Dust of Appearance | 1 | |
| Orb of Corruption | 1 | |
| Scroll of Healing | 1 | |
| Scroll of Speed | 1 | |
| Scroll of Town Portal | 1 | |
8 total
Chat log
(00:13 / Allies) J-Hole: hey all
(00:23 / Allies) SpatulaHands: hey
(00:24 / Allies) 4TWDeMOn: yo
(00:35 / Allies) J-Hole: crap im lagging
(00:36 / Allies) 4TWDeMOn: fiends forstys dk dl lk
(00:40 / Allies) 4TWDeMOn: stats
(00:41 / Allies) brucewillisusa: thats pathetic
(00:52 / Allies) brucewillisusa: cookie cutting worm
(01:04 / Allies) brucewillisusa: to make up for that
(01:10 / Allies) brucewillisusa: im massing priests and hmm tanks
(01:13 / Allies) brucewillisusa: without barrage
(01:23 / Allies) brucewillisusa: actually just tanks
(01:36 / Allies) J-Hole: knights
(01:45 / Allies) brucewillisusa: nah
(01:47 / Allies) brucewillisusa: it wont work
(01:52 / Allies) brucewillisusa: this map is the worst for tower rush
(01:53 / Allies) SpatulaHands: doesnt matter
(01:56 / Allies) SpatulaHands: it never works
(01:57 / Allies) brucewillisusa: even hurricane isle
(01:59 / Allies) brucewillisusa: is betteer
(03:02 / Allies) J-Hole: dammit this sux...
(03:22 / Allies) brucewillisusa: youre terrible at this
(03:34 / Allies) brucewillisusa: this is the worst map for tower rush
(03:38 / Allies) brucewillisusa: and you are the worst tower rusher
(03:38 / All) zidane3000: fail
(03:39 / All) zidane3000: lol
(05:09 / Allies) J-Hole: use that
(05:18 / Allies) J-Hole: thx
(05:21 / Allies) brucewillisusa: np
(06:14 / Allies) J-Hole: they might be coming top
(07:12 / Allies) J-Hole: they waiting oustide my base
(07:18 / Allies) brucewillisusa: its just 1
(07:43 / Allies) SpatulaHands: haha
(08:43 / Allies) brucewillisusa: wow
(08:44 / Allies) brucewillisusa: mass kodos
(08:47 / Allies) brucewillisusa: a jokester
(08:48 / Allies) J-Hole: fuck my mouse is borken!!!
(08:55 / Allies) SpatulaHands: i did it just for you orange
(09:26 / Allies) SpatulaHands: hahaha
(09:49 / Allies) SpatulaHands: hahah
(10:25 / Allies) brucewillisusa: hit bottom
(10:28 / Allies) brucewillisusa: im sending tanks top[
(10:35 / Allies) SpatulaHands: roger
(10:39 / Allies) brucewillisusa: dotn lose all
(10:41 / Allies) brucewillisusa: just distract
(10:44 / Allies) brucewillisusa: till they tp top
(10:46 / Allies) SpatulaHands: roger
(10:54 / Allies) SpatulaHands: dont go yet
(11:42 / Allies) brucewillisusa: its one guy...
(11:52 / Allies) brucewillisusa: wow too cheap to tp?
(11:55 / Allies) brucewillisusa: u lose main instead?
(11:58 / Allies) brucewillisusa: guess what costs mroe...
(14:06 / Allies) SpatulaHands: haha orange your pretty good
(14:17 / Allies) brucewillisusa: meh we lost anyay
(14:22 / Allies) SpatulaHands: nah
(14:31 / Allies) brucewillisusa: all tp or tank flow stops
(14:34 / Allies) brucewillisusa: anyway they got way more than uys
(14:45 / Allies) SpatulaHands: i used my teep
(16:10 / Allies) SpatulaHands: haha orange
(16:46 / Allies) brucewillisusa: any spare gold?
(16:54 / Allies) SpatulaHands: sry
(17:08 / Allies) J-Hole: u have barrage?
(17:48 / All) SpatulaHands: hahah
(17:59 / Allies) brucewillisusa: yikes
(18:38 / All) SpatulaHands: hahha
(18:52 / All) tenergy: 60-55
(18:57 / All) brucewillisusa: ?
(18:57 / All) tenergy: dont have much to laugh
(18:59 / All) SpatulaHands: hahaha
(19:03 / All) brucewillisusa: my ally massed kodos
(19:05 / All) brucewillisusa: u guys better win
(19:09 / All) SpatulaHands: yeah
(19:12 / All) SpatulaHands: orange is right
(19:24 / All) tenergy: not possible
(19:30 / All) SpatulaHands: wouldnt it suck to lose to 60- and whatever my lossed were?
(19:42 / All) tenergy: you only won cause of the tanks
(19:45 / All) SpatulaHands: btw its funny how you care
(19:48 / All) SpatulaHands: so?!?!?
(19:54 / All) tenergy: you did shit newbie
(20:01 / All) SpatulaHands: thats a dumb thing to say you know
(20:47 / Allies) brucewillisusa: gj all
(20:51 / Allies) SpatulaHands: cept me
(20:54 / Allies) J-Hole: yea
(20:56 / Allies) SpatulaHands: i pretty slack
(20:59 / Allies) brucewillisusa: u got their confidence up
(21:02 / Allies) brucewillisusa: and they let their guard down
(21:03 / Allies) brucewillisusa: mind games
(21:04 / Allies) SpatulaHands: yeah i guess
(21:06 / Allies) SpatulaHands: hahaha
(21:12 / Allies) 4TWDeMOn: na i did the shittyeist job here
(21:28 / Allies) SpatulaHands: least you had units that could kill shit
(21:53 / All) SpatulaHands: well goodgames
(22:58 / All) brucewillisusa: lol
(24:05 / All) SpatulaHands: gg all
(24:50 / All) brucewillisusa: better build fast